 Dungeon Crawl Stone Soup version 0.21.1 (webtiles) character file.

539 Jannitor the Ducker (level 7, -15/31 HPs)
             Began as a Felid Transmuter on Feb 4, 2018.
             Was a Believer of Makhleb.
             Killed from afar by a ynoxinul (30 damage)
             ... with an iron shot
             ... summoned by the player character
             ... on level 7 of the Dungeon.
             The game lasted 00:22:56 (7814 turns).

Jannitor the Ducker (Felid Transmuter)              Turns: 7814, Time: 00:22:57

Health: -15/31     AC:  2    Str:  6    XL:     7   Next: 5%
Magic:  19/20      EV: 25    Int: 14    God:    Makhleb [**....]
Gold:   265        SH:  0    Dex: 22    Spells: 4/10 levels left
                                        Lives:  0   Deaths: 2

rFire    . . .     SeeInvis +     - Unarmed
rCold    . . .     Gourm    .   (shield unavailable)
rNeg     . . .     Faith    .   (armour unavailable)
rPois    x         Spirit   .   (helmet unavailable)
rElec    .         Reflect  .   (cloak unavailable)
rCorr    .         Harm     .   (gloves unavailable)
MR       +....                  (boots unavailable)
Stlth    +++.......             (no amulet)
HPRegen  0.10/turn              r - ring of magical power
MPRegen  0.17/turn              (no ring)

@: spider-form (expiring)
A: tiny, no armour, no weapons or thrown items, stealth, see invisible,
carnivore, dopey 1, slow metabolism 1
a: End Transformation, Minor Destruction, Renounce Religion


You were on level 7 of the Dungeon.
You worshipped Makhleb.
Makhleb was pleased with you.
You were full.
You were a venomous arachnid creature.
You visited 1 branch of the dungeon, and saw 7 of its levels.

You collected 265 gold pieces.

Inventory:

Jewellery
 r - a ring of magical power (left front leg)
Wands
 j - a wand of random effects (19)
Scrolls
 a - a scroll of teleportation
 d - a scroll of identify
 g - a scroll of torment {unknown}
 h - 2 scrolls of blinking
 i - 2 scrolls of remove curse
 p - 2 scrolls of fear {unknown}
Potions
 f - a potion of flight
 m - 2 potions of resistance {unknown}
 n - 2 potions of lignification
 o - a potion of heal wounds
Books
 b - a book of Changes

   Spells                             Type                      Level
   a - Beastly Appendage              Transmutation                1
   b - Sticks to Snakes               Transmutation                2
   c - Spider Form                    Transmutation/Poison         3
   d - Ice Form                       Ice/Transmutation            4
   e - Blade Hands                    Transmutation                5
Comestibles
 c - 8 rations


   Skills:
 + Level 3.4 Fighting
 + Level 5.5 Dodging
 + Level 4.3 Stealth
 + Level 5.1 Unarmed Combat
 - Level 2.2 Spellcasting
 + Level 4.7 Transmutations
 - Level 1.0 Poison Magic
 + Level 2.7 Invocations


You had 4 spell levels left.
You knew the following spells:

 Your Spells              Type           Power        Failure   Level  Hunger
a - Beastly Appendage     Tmut           ##....       11%         1    #......
b - Sticks to Snakes      Tmut           ##......     14%         2    ###....
c - Spider Form           Tmut/Pois      #.........   43%         3    ###....


Dungeon Overview and Level Annotations

Branches:
Dungeon (7/15)
 Temple: D:4-7

Altars:
Ashenzari
Cheibriados
Makhleb
Xom

Annotations:
D:6 exclusion: jelly
D:7 exclusion: water moccasin, Prince Ribbit


Innate Abilities, Weirdness & Mutations

You cannot wear armour.
You are incapable of wielding weapons or throwing items.
Your paws allow you to move quietly. (Stealth)
((You have sharp claws.))
((You have razor-sharp teeth.))
You have supernaturally acute eyesight. (SInv)
You are carnivorous and can eat meat at any time.
((You cover ground quickly.))
((You are covered in thick fur. (AC +2)))
You have a slow metabolism.
((Your sharp claws are effective at attacking unaware monsters.))
((You have a pair of small horns on your head.))
((You are partially covered in icy blue scales. (AC +2)))
You are dopey. (Int -2)


Message History

Cast which spell? (? or * to list)
You turn into a venomous arachnid creature.
Prince Ribbit gives a loud, deep croak!
Casting: Spider Form
Confirm with . or Enter, or press ? or * to list all spells.
You don't have anything to turn into a snake.
You closely miss Prince Ribbit. Prince Ribbit hits you!
Prince Ribbit misses you.
Your transformation is almost over.
Prince Ribbit blinks! x2
Prince Ribbit blinks!
Prince Ribbit catches a small bird with his tongue.
A demon appears!
It doesn't seem very happy.
You can no longer summon a lesser servant of Makhleb.
Prince Ribbit blinks!
The ynoxinul gestures at you. The iron shot hits you!
Ouch! That really hurt!
You die...

... #.# #.# #.# #.#
#.# #.# #.# # #.#
#.# #.# #.#.#### #.#
#.# #..†..[# #.# #.#
###.##†# #.# #.#
#.##.# #.# #.#
#.##.# #s###.##
..##)####.##...####
####...##..##......#
#.(.....#3###...##.#
#.##....#§# ######.#
#.###.#.#.# #.# #.#
#.#§#.########.##
#.#
#........§F.....#
#.#
#####..#######..#


You could see a ynoxinul.

Vanquished Creatures
  Eustachio (D:6)
  A sky beast (D:6)
  An ogre (D:6)
  An orc priest (D:7)
  A centaur skeleton (D:6)
  An iguana (D:6)
  3 orc wizards
  2 worker ants
  A worker ant zombie (D:7)
  A gnoll (D:1)
  10 adders
  A shadow imp (D:5)
  2 adder skeletons
  An adder zombie (D:7)
  3 worms
  4 dart slugs
  7 leopard geckos
  14 orcs
  A ball python (D:2)
  2 giant cockroaches
  10 goblins
  5 hobgoblins
  6 quokkas
  3 bats
  A frilled lizard (D:2)
  5 kobolds
  A leopard gecko zombie (D:6)
  8 rats
97 creatures vanquished.

Vanquished Creatures (collateral kills)
  An ogre (D:7)
  A bullfrog (D:6)
  5 killer bees (D:7)
  A jelly (D:6)
  A worker ant (D:4)
  An adder (D:3)
  A worm (D:2)
  A hobgoblin (D:3)
  A kobold (D:2)
13 creatures vanquished.

Vanquished Creatures (others)
  A hound skeleton (D:2)
  A worm (D:2)
2 creatures vanquished.

Grand Total: 112 creatures vanquished

Notes
Turn   | Place    | Note
-------+----------+-------------------------------------------
     0 | D:1      | Jannitor the Felid Transmuter began the quest for the Orb.
     0 | D:1      | Reached XP level 1. HP: 9/9 MP: 4/4
   466 | D:1      | Reached XP level 2. HP: 5/12 MP: 4/6
  1158 | D:1      | Reached XP level 3. HP: 15/15 MP: 5/7
  1336 | D:2      | Learned a level 2 spell: Sticks to Snakes
  1340 | D:2      | Learned a level 3 spell: Spider Form
  1815 | D:2      | Found a faded altar of an unknown god.
  1838 | D:2      | Became a worshipper of Makhleb the Destroyer
  1838 | D:2      | Reached * piety under Makhleb
  1950 | D:2      | Found a snail-covered altar of Cheibriados.
  2099 | D:2      | Reached XP level 4. HP: 19/19 MP: 8/8
  2688 | D:3      | Reached skill level 1 in Poison Magic
  2882 | D:3      | Reached ** piety under Makhleb
  3534 | D:4      | Reached XP level 5. HP: 19/22 MP: 7/9
  3549 | D:4      | Found a shattered altar of Ashenzari.
  3607 | D:4      | You fall through a shaft for 3 floors!
  3622 | D:7      | Noticed a centaur
  3632 | D:7      | Noticed Prince Ribbit
  3642 | D:7      | Reached skill level 1 in Stealth
  3674 | D:6      | Slain by a leopard gecko
  3675 | D:6      | Reached XP level 4. HP: 0/19 MP: 1/8
  3685 | D:6      | Noticed a bullfrog
  3690 | D:6      | Noticed a sky beast
  3699 | D:6      | Killed a bullfrog
  3771 | D:6      | Found a shimmering altar of Xom.
  4132 | D:6      | Noticed an ogre
  4147 | D:6      | Killed an ogre
  4147 | D:6      | Reached XP level 5. HP: 2/22 MP: 2/9
  4514 | D:6      | Reached skill level 1 in Invocations
  4570 | D:5      | Entered Level 5 of the Dungeon
  5328 | D:5      | Gained mutation: You are covered in thick fur. (AC +2) [Felid growth]
  5328 | D:5      | Reached XP level 6. HP: 27/27 MP: 6/10
  6149 | D:6      | Noticed Eustachio
  6160 | D:6      | Killed Eustachio
  6233 | D:6      | Killed a sky beast
  6233 | D:6      | Reached skill level 5 in Dodging
  6233 | D:6      | Reached XP level 7. HP: 31/31 MP: 8/11
  7114 | D:7      | Reached skill level 5 in Unarmed Combat
  7132 | D:7      | HP: 1/31 [centaur/arrow (13)]
  7143 | D:7      | Shot with an arrow by a centaur
  7144 | D:7      | Reached XP level 6. HP: -5/28 MP: 19/19
  7291 | D:7      | Gained mutation: You are partially covered in icy blue scales. (AC +2) [potion of mutation]
  7291 | D:7      | Gained mutation: You are dopey. (Int -2) [potion of mutation]
  7291 | D:7      | Gained mutation: You have a pair of large horns on your head. [potion of mutation]
  7594 | D:7      | Reached *** piety under Makhleb
  7669 | D:7      | Reached XP level 7. HP: 27/31 MP: 11/11
  7813 | D:7      | Noticed a ynoxinul
  7814 | D:7      | Killed from afar by a ynoxinul

Skill      XL: |  1  2  3  4  5  6  7 |
---------------+----------------------+-----
Dodging        | 3 4 5 |  5.5
Transmutations | 3 4 |  4.7
Unarmed Combat | 4 5 |  5.1
Poison Magic   | 1 |  1.0
Stealth        | 2 1 4 |  4.3
Fighting       | 2 3 |  3.4
Invocations    | 1 2 |  2.7
Spellcasting   | |  2.2

Action                   |  1- 3 |  4- 6 |  7- 9 || total
-------------------------+-------+-------+-------++-------
Melee: Unarmed           |   119 |   248 |    22 ||   389
       Headbutt          |    13 |     6 |       ||    19
       Bite              |     8 |     8 |     1 ||    17
       Punch             |     3 |     1 |       ||     4
 Cast: Beastly Appendage |    20 |    17 |     1 ||    38
       Sticks to Snakes  |     1 |    15 |    14 ||    30
       Spider Form       |       |    17 |     5 ||    22
Invok: Lesser Servant of |       |     2 |     1 ||     3
  Use: Scroll            |     1 |    10 |     2 ||    13
       Potion            |       |     9 |     1 ||    10
 Stab: Sleeping          |     1 |     8 |     1 ||    10
  Eat: Chunk             |    10 |    21 |     1 ||    32
Armor: Skin              |     5 |    13 |       ||    18
Dodge: Dodged            |    85 |   251 |    33 ||   369
